 Dungeon Crawl Stone Soup version 0.24-a0-618-ge4662a2 (webtiles) character file.

Game seed: 2650726842199902060, levelgen mode: deterministic

153 BoppinsLewinski the Skirmisher (level 5, -1/45 HPs)
             Began as a Centaur Fighter on Sept 16, 2019.
             Slain by a river rat (3 damage)
             ... in a sewer.
             The game lasted 00:05:30 (1916 turns).

BoppinsLewinski the Skirmisher (Centaur Fighter)    Turns: 1916, Time: 00:05:30

Health: -1/45      AC:  6    Str: 18    XL:     5   Next: 12%
Magic:  5/5        EV:  5    Int:  7    God:
Gold:   54         SH:  8    Dex: 10    Spells: 4/4 levels left

rFire    . . .     SeeInvis .     - Unarmed
rCold    . . .     Gourm    .   b - +0 shield
rNeg     . . .     Faith    .   a - +0 scale mail
rPois    .         Spirit   .   (no helmet)
rElec    .         Reflect  .   (no cloak)
rCorr    .         Harm     .   (no gloves)
MR       .....                  (no barding)
Stlth    ..........             (no amulet)
HPRegen  0.15/turn              (no ring)
MPRegen  0.09/turn              (no ring)

@: very slow
A: large, hooves 3, deformed body, speed 2, tough skin 3
a: no special abilities


You were in a sewer.
You were near starving.

You visited 1 branch of the dungeon, and saw 3 of its levels.
You also visited: Sewer.

You collected 54 gold pieces.

Inventory:

Armour
 a - a +0 scale mail (worn)
 b - a +0 shield (worn)
Jewellery
 g - a +2 ring of dexterity {unknown}
Scrolls
 e - 3 scrolls of enchant weapon {unknown}
 f - a scroll of amnesia {unknown}
 h - a scroll of teleportation {unknown}
 j - a scroll of fear {unknown}
Comestibles
 d - 5 rations


   Skills:
 + Level 3.5 Fighting
 + Level 2.6 Armour
 + Level 1.2 Dodging
 + Level 2.6 Shields
 * Level 3.5 Unarmed Combat


You had 4 spell levels left.
You didn't know any spells.
Your spell library was empty.

Dungeon Overview and Level Annotations

Branches:
Dungeon (3/15)              Sewer (1/1)

Altars:
Yredelemnul


Innate Abilities, Weirdness & Mutations

You have hooves in place of feet.
Armour fits poorly on your strangely shaped body.
You cover ground very quickly.
You have extremely tough skin. (AC +3)


Message History

Ye barely miss tha ri'er rat.
Ye kick tha ri'er rat, but do nay damage.
Tha ri'er rat be severely wounded.
Tha ri'er rat bites ye.
* * * LOW HITPOINT WARNIN'
* * * Ye closely miss tha ri'er rat.
Tha ri'er rat be severely wounded.
Ye block tha ri'er rat's attack.
Yer shield prevents ye from hittin' tha ri'er rat.
Yer kick misses tha ri'er rat.
Tha ri'er rat be severely wounded.
Ye block tha ri'er rat's attack.
Ye hit tha ri'er rat but do nay damage.
Tha ri'er rat be severely wounded.
Ye block tha ri'er rat's attack.
Yer shield an' scale mail prevent ye from hittin' tha ri'er rat.
Yer kick misses tha ri'er rat.
Tha ri'er rat be severely wounded.
Tha ri'er rat bites ye.
Ye die...

#.≈≈# #.≈.## #.≈≈.##
##### #..≈..##
≈.≈≈########≈.≈≈.≈
#≈≈≈≈...####≈≈≈≈ #######
#≈≈≈≈≈≈≈.# ##.≈≈
#.≈≈≈≈###≈≈....≈.####≈≈.
#Kr@≈≈####..≈.##≈...
#.≈≈≈≈##### ##≈≈≈.≈.≈≈≈
####### ##≈≈.≈≈...
#≈≈.≈.... #≈≈≈≈≈≈.∩
#.≈.≈≈... #≈≈.≈≈...
..≈.≈.≈.. .≈≈.##≈≈≈.


You could see a big kobold and a river rat.

Vanquished Creatures
  A big kobold (Sewer)
  4 adders
  An ooze (Sewer)
  4 worms
  2 leopard geckos
  4 bats (D:2)
  2 giant cockroaches (D:2)
  3 goblins
  2 hobgoblins
  2 kobolds
  2 ball pythons (D:1)
  A frilled lizard (D:2)
  4 rats
32 creatures vanquished.

Notes
Turn   | Place    | Note
-------+----------+-------------------------------------------
     0 | D:1      | BoppinsLewinski the Centaur Fighter began the quest for the
                  | Orb.
     0 | D:1      | Reached XP level 1. HP: 19/19 MP: 1/1
    81 | D:1      | Reached XP level 2. HP: 20/26 MP: 2/2
   129 | D:1      | You fall into a shaft and drop 1 floor!
   561 | D:2      | Found a basalt altar of Yredelemnul.
   582 | D:2      | Reached XP level 3. HP: 30/31 MP: 3/3
  1178 | D:3      | Found a glowing drain.
  1452 | Sewer    | Entered a sewer
  1770 | Sewer    | Noticed a big kobold
  1809 | Sewer    | Killed a big kobold
  1809 | Sewer    | Reached skill level 1 in Dodging
  1809 | Sewer    | Reached XP level 4. HP: 19/38 MP: 4/4
  1842 | Sewer    | Reached XP level 5. HP: 27/45 MP: 5/5
  1912 | Sewer    | HP: 2/45 [river rat (2)]
  1916 | Sewer    | Slain by a river rat

Levels and vault maps discovered:
D:1:      onia_arrival_mini_spirals, layout_rooms, corner_web_ring
D:2:      layout_rooms, nicolae_overflow_crystal_walls, serial_bayou,
          serial_bayou_lagoon_a, serial_bayou_pond_d, serial_bayou_lake_a,
          serial_bayou_ford_a
D:3:      layout_loops_corners, gup_sewer_entry_glass, minmay_misc_feat_doors,
          tgw_sif
Sewer:    sewer_co_tree

Skill      XL: |  1  2  3 |
---------------+----------+-----
Unarmed Combat | 3 |  3.5
Dodging        | 1 |  1.2
Fighting       | |  3.5
Armour         | |  2.6
Shields        | |  2.6

Action                   |  1- 3 |  4- 6 || total
-------------------------+-------+-------++-------
Melee: Unarmed           |   146 |    27 ||   173
       Kick              |    23 |     5 ||    28
  Use: Potion            |     3 |       ||     3
  Eat: Chunk             |     1 |       ||     1
Armor: Scale mail        |    91 |     3 ||    94
Dodge: Dodged            |    36 |     2 ||    38
Block: Shield            |    77 |    11 ||    88

Table legend:
 A = Non-vault XP
 B = Vault XP
 C = Vault XP percentage of total XP
 D = Non-vault monster count
 E = Vault monster count
 F = Vault count percentage of total count
                 A         B        C        D         E       F
            +---------+---------+-------+---------+---------+-------
      Total |      70 |     149 |  68.0 |      23 |       9 |  28.1
            +---------+---------+-------+---------+---------+-------
        D:1 |      14 |       0 |   0.0 |       8 |       0 |   0.0
        D:2 |      56 |      13 |  18.8 |      15 |       1 |   6.2
      Sewer |       0 |     136 | 100.0 |       0 |       8 | 100.0
            +---------+---------+-------+---------+---------+-------
